A
KINSTON INDIANS @ ROCKVILLE REDHAWKS
06/19/2059
 
TOP OF THE 1ST
Kinston Indians batting - Pitching for Rockville Redhawks : RHP Brennan Boswell
Pitching: RHP Brennan Boswell
Batting: RHB Evan Ochs 0-0: Ball
1-0: DOUBLE (Flyball, 89D, EV 107.5 MPH)
Batting: RHB Mathew Kandoro 0-0: Called Strike
Evan Ochs steals 3rd base (no throw)
0-1: Ball
Wild Pitch!
Evan Ochs scores
1-1: Swinging Strike
1-2: Foul Ball, location: 2F
1-2: Fly out, F7 (Line Drive, 78M, EV 90.0 MPH)
Batting: RHB Zachary LaFerriere 0-0: Ball
1-0: SINGLE (Line Drive, 4D, EV 98.1 MPH)
Batting: LHB Jaleen Kenny 0-0: SINGLE (Line Drive, 3D, EV 94.4 MPH)
Zachary LaFerriere to second
Batting: RHB Drew Yewell 0-0: Swinging Strike
0-1: Ball
1-1: Ball
2-1: Ball
3-1: Swinging Strike
3-2: Strikes out swinging
Batting: RHB Dave Christal 0-0: Called Strike
0-1: Foul Ball, location: 2F
0-2: Foul Ball, location: 2F
0-2: SINGLE (Line Drive, 6D, EV 108.1 MPH)
Zachary LaFerriere to third
Jaleen Kenny to second
Batting: SHB Keith Parham 0-0: Swinging Strike
0-1: Called Strike
0-2: Strikes out swinging
Top of the 1st over - 1 run, 4 hits, 0 errors, 3 left on base; Kinston 1 - Rockville 0
BOTTOM OF THE 1ST
Rockville Redhawks batting - Pitching for Kinston Indians : LHP Darien Melton
Pitching: LHP Darien Melton
Batting: RHB Brian Heard 0-0: Ball
1-0: SINGLE (Groundball, 4MS, EV 69.4 MPH) (infield hit)
Batting: RHB Aric Alderson 0-0: Ball
Brian Heard steals 2nd base
1-0: Ball
2-0: SINGLE (Groundball, 5S, EV 63.8 MPH) (infield hit)
Brian Heard to third
Batting: RHB Isaac Vogel 0-0: Ball
1-0: SINGLE (Flyball, 8LS, EV 97.5 MPH)
Brian Heard scores
Aric Alderson to second
Batting: SHB Cole Riley 0-0: Grounds into double play, 6-4-3 (Groundball, 6, EV 101.9 MPH)
Aric Alderson to third
Batting: LHB Karim Brown 0-0: Ball
1-0: Called Strike
1-1: Called Strike
1-2: Ground out 3-1 (Groundball, 34, EV 85.0 MPH)
Bottom of the 1st over - 1 run, 3 hits, 0 errors, 1 left on base; Kinston 1 - Rockville 1
TOP OF THE 2ND
Kinston Indians batting - Pitching for Rockville Redhawks : RHP Brennan Boswell
Batting: LHB Conner Escobedo 0-0: Called Strike
0-1: SINGLE (Line Drive, 89M, EV 107.5 MPH)
Batting: RHB Dennell Manvelov 0-0: Called Strike
0-1: Hit by Pitch
Conner Escobedo to second
Batting: RHB Evan Ochs 0-0: Ball
1-0: Foul Ball, location: 2F
1-1: Foul Ball, location: 2F
1-2: Ball
2-2: Ball
3-2: Strikes out looking
Batting: RHB Mathew Kandoro 0-0: Called Strike
0-1: Ball
1-1: Ball
2-1: Ball
3-1: Swinging Strike
3-2: Foul Ball, location: 2F
3-2: Strikes out looking
Batting: RHB Zachary LaFerriere 0-0: Called Strike
0-1: Foul Ball, location: 2F
0-2: Strikes out swinging
Top of the 2nd over - 0 runs, 1 hit, 0 errors, 2 left on base; Kinston 1 - Rockville 1
BOTTOM OF THE 2ND
Rockville Redhawks batting - Pitching for Kinston Indians : LHP Darien Melton
Batting: RHB Derick Murphy 0-0: Ball
1-0: Foul Ball, location: 2F
1-1: Swinging Strike
1-2: Ball
2-2: Foul Ball, location: 2F
2-2: Foul Ball, location: 2F
2-2: Foul Ball, location: 2F
2-2: SINGLE (Groundball, 56S, EV 66.2 MPH) (infield hit)
Batting: RHB Asante Paula 0-0: Called Strike
0-1: Swinging Strike
0-2: Ball
1-2: Ball
2-2: SINGLE (Flyball, 4D, EV 90.6 MPH)
Derick Murphy to second
Batting: RHB Dillon Brady 0-0: Called Strike
0-1: Ball
1-1: Ball
2-1: Called Strike
2-2: Foul Ball, location: 2F
2-2: Foul Ball, location: 2F
2-2: Foul Ball, location: 2F
2-2: Strikes out swinging
Batting: RHB Lou Williams 0-0: Ball
1-0: Foul Ball, location: 2F
1-1: Ball
2-1: Ball
3-1: Base on Balls
Derick Murphy to third
Asante Paula to second
Batting: RHB Brian Heard 0-0: Ball
1-0: SINGLE (Line Drive, 6MD, EV 105.6 MPH)
Derick Murphy scores
Asante Paula to third
Lou Williams to second
Runner from 3rd tries for Home, SAFE, throw by CF to home
Batting: RHB Aric Alderson 0-0: SINGLE (Groundball, 6MD, EV 104.4 MPH)
Lou Williams to third
Brian Heard to second
Runner from 3rd tries for Home, SAFE, throw by CF to home
Batting: RHB Isaac Vogel 0-0: Ball
1-0: DOUBLE (Flyball, 78XD, EV 112.5 MPH)
Brian Heard scores
Aric Alderson to third
Batting: SHB Cole Riley 0-0: Swinging Strike
0-1: Ball
1-1: Foul Ball, location: 2F
1-2: Ball
2-2: Ball
3-2: Strikes out swinging
Batting: LHB Karim Brown 0-0: Called Strike
0-1: DOUBLE (Flyball, 78XD, EV 105.0 MPH)
Aric Alderson scores
Isaac Vogel scores
Batting: RHB Derick Murphy 0-0: Foul Ball, location: 2F
0-1: Called Strike
0-2: Ball
1-2: Ground out 4-3 (Groundball, 13, EV 81.9 MPH)
Bottom of the 2nd over - 6 runs, 6 hits, 0 errors, 1 left on base; Kinston 1 - Rockville 7
TOP OF THE 3RD
Kinston Indians batting - Pitching for Rockville Redhawks : RHP Brennan Boswell
Batting: LHB Jaleen Kenny 0-0: Ball
1-0: Swinging Strike
1-1: Ball
2-1: Ground out 6-3 (Groundball, 4M, EV 103.1 MPH)
Batting: RHB Drew Yewell 0-0: Called Strike
0-1: Foul Ball, location: 2F
0-2: Foul Ball, location: 2F
0-2: Strikes out swinging
Batting: RHB Dave Christal 0-0: Called Strike
0-1: Ball
1-1: Foul Ball, location: 2F
1-2: Fly out, F5 (Line Drive, 5, EV 66.9 MPH)
Top of the 3rd over - 0 runs, 0 hits, 0 errors, 0 left on base; Kinston 1 - Rockville 7
BOTTOM OF THE 3RD
Rockville Redhawks batting - Pitching for Kinston Indians : LHP Darien Melton
Batting: RHB Asante Paula 0-0: Called Strike
0-1: Ball
1-1: Foul Ball, location: 2F
1-2: Strikes out looking
Batting: RHB Dillon Brady 0-0: Called Strike
0-1: Foul Ball, location: 2F
0-2: Strikes out swinging
Batting: RHB Lou Williams 0-0: Ball
1-0: Ball
2-0: Foul Ball, location: 2F
2-1: Fly out, F9 (Flyball, 9, EV 98.1 MPH)
Bottom of the 3rd over - 0 runs, 0 hits, 0 errors, 0 left on base; Kinston 1 - Rockville 7
TOP OF THE 4TH
Kinston Indians batting - Pitching for Rockville Redhawks : RHP Brennan Boswell
Batting: SHB Keith Parham 0-0: SINGLE (Groundball, 6MS, EV 62.5 MPH) (infield hit)
Batting: LHB Conner Escobedo 0-0: Fly out, F3 (Line Drive, 3L, EV 68.8 MPH)
Lined into DP, U3 (Line Drive, 3L, EV 71.9 MPH)
Batting: RHB Dennell Manvelov 0-0: Ball
1-0: Ball
2-0: Called Strike
2-1: Ball
3-1: Foul Ball, location: 2F
3-2: Fly out, F8 (Flyball, 8LM, EV 91.9 MPH)
Top of the 4th over - 0 runs, 1 hit, 0 errors, 0 left on base; Kinston 1 - Rockville 7
BOTTOM OF THE 4TH
Rockville Redhawks batting - Pitching for Kinston Indians : LHP Darien Melton
Batting: RHB Brian Heard 0-0: Ground out 3-1 (Groundball, 13, EV 82.5 MPH)
Batting: RHB Aric Alderson 0-0: Called Strike
0-1: Fly out, F9 (Flyball, 9D, EV 97.5 MPH)
Batting: RHB Isaac Vogel 0-0: Ball
1-0: Foul Ball, location: 2F
1-1: Ball
2-1: Fly out, F8 (Flyball, 8RM, EV 89.4 MPH)
Bottom of the 4th over - 0 runs, 0 hits, 0 errors, 0 left on base; Kinston 1 - Rockville 7
TOP OF THE 5TH
Kinston Indians batting - Pitching for Rockville Redhawks : RHP Brennan Boswell
Batting: RHB Evan Ochs 0-0: Ball
1-0: Ball
2-0: Ball
3-0: Called Strike
3-1: Fly out, F7 (Line Drive, 7, EV 93.8 MPH)
Batting: RHB Mathew Kandoro 0-0: Ball
1-0: Foul Ball, location: 2F
1-1: Ground out 4-3 (Groundball, 4, EV 101.9 MPH)
Batting: RHB Zachary LaFerriere 0-0: Called Strike
0-1: Ball
1-1: Ball
2-1: Ball
3-1: Base on Balls
Batting: LHB Jaleen Kenny 0-0: Foul Ball, location: 2F
0-1: Foul Ball, location: 2F
0-2: Ball
1-2: Ball
2-2: Ball
3-2: Base on Balls
Zachary LaFerriere to second
Batting: RHB Drew Yewell 0-0: Foul Ball, location: 2F
0-1: Ball
1-1: Swinging Strike
1-2: Foul Ball, location: 2F
1-2: Ball
2-2: Ball
3-2: Strikes out swinging
Top of the 5th over - 0 runs, 0 hits, 0 errors, 2 left on base; Kinston 1 - Rockville 7
BOTTOM OF THE 5TH
Rockville Redhawks batting - Pitching for Kinston Indians : LHP Darien Melton
Batting: SHB Cole Riley 0-0: Ball
1-0: Ball
2-0: Called Strike
2-1: Foul Ball, location: 2F
2-2: Ground out 1-3 (Groundball, P, EV 71.9 MPH)
Batting: LHB Karim Brown 0-0: Swinging Strike
0-1: Ball
1-1: Swinging Strike
1-2: Strikes out looking
Batting: RHB Derick Murphy 0-0: Ball
1-0: Foul Ball, location: 2F
1-1: Ground out 6-3 (Groundball, 56, EV 86.2 MPH)
Bottom of the 5th over - 0 runs, 0 hits, 0 errors, 0 left on base; Kinston 1 - Rockville 7
TOP OF THE 6TH
Kinston Indians batting - Pitching for Rockville Redhawks : RHP Brennan Boswell
Batting: RHB Dave Christal 0-0: Ball
1-0: Ball
2-0: Foul Ball, location: 2F
2-1: Called Strike
2-2: Strikes out swinging
Batting: SHB Keith Parham 0-0: Ball
1-0: Ball
2-0: Ball
3-0: Called Strike
3-1: Base on Balls
Batting: LHB Conner Escobedo 0-0: Reached on error, E4 (Groundball, 4, EV 105.6 MPH)
Keith Parham to second
Batting: RHB Dennell Manvelov 0-0: Ball
1-0: Ball
2-0: Called Strike
2-1: Ball
3-1: Swinging Strike
3-2: Strikes out swinging
Pitching: RHP Brantley McGinnis
Batting: RHB Evan Ochs 0-0: Ball
1-0: Called Strike
1-1: Ball
2-1: Ball
3-1: Base on Balls
Keith Parham to third
Conner Escobedo to second
Batting: RHB Mathew Kandoro 0-0: Ball
1-0: Fly out, F7 (Flyball, 7LSF, EV 88.8 MPH)
Top of the 6th over - 0 runs, 0 hits, 1 error, 3 left on base; Kinston 1 - Rockville 7
BOTTOM OF THE 6TH
Rockville Redhawks batting - Pitching for Kinston Indians : LHP Darien Melton
Batting: RHB Asante Paula 0-0: Foul Ball, location: 2F
0-1: Ball
1-1: Ball
2-1: Foul Ball, location: 2F
2-2: SINGLE (Line Drive, 89M, EV 90.0 MPH)
Batting: RHB Dillon Brady 0-0: Ball
1-0: Fly out, F9 (Flyball, 9LM, EV 98.8 MPH)
Batting: RHB Lou Williams 0-0: Ball
Wild Pitch!
Asante Paula to second
1-0: Called Strike
1-1: Ball
2-1: Foul Ball, location: 2F
2-2: Ball
3-2: Foul Ball, location: 2F
3-2: Base on Balls
Batting: RHB Brian Heard 0-0: Ground out 6-3 (Groundball, 56D, EV 108.8 MPH)
Asante Paula to third
Lou Williams to second
Batting: RHB Aric Alderson 0-0: Fly out, F4 (Popup, 4S, EV 75.6 MPH)
Bottom of the 6th over - 0 runs, 1 hit, 0 errors, 2 left on base; Kinston 1 - Rockville 7
TOP OF THE 7TH
Kinston Indians batting - Pitching for Rockville Redhawks : RHP Brantley McGinnis
Batting: RHB Zachary LaFerriere 0-0: Ball
1-0: Ball
2-0: Fly out, F6 (Flyball, 56D, EV 88.8 MPH)
Batting: LHB Jaleen Kenny 0-0: Ball
1-0: Called Strike
1-1: Foul Ball, location: 2F
1-2: Ball
2-2: Ball
3-2: Strikes out looking
Batting: RHB Drew Yewell 0-0: Ball
1-0: Ball
2-0: Ball
3-0: Called Strike
3-1: Called Strike
3-2: Foul Ball, location: 2F
3-2: Fly out, F8 (Flyball, 8RXD, EV 97.5 MPH)
Top of the 7th over - 0 runs, 0 hits, 0 errors, 0 left on base; Kinston 1 - Rockville 7
BOTTOM OF THE 7TH
Rockville Redhawks batting - Pitching for Kinston Indians : LHP Darien Melton
Batting: RHB Isaac Vogel 0-0: Called Strike
0-1: Ball
1-1: Swinging Strike
1-2: DOUBLE (Line Drive, 89D, EV 105.6 MPH)
Batting: SHB Cole Riley 0-0: Fly out, F9 (Flyball, 9LM, EV 93.1 MPH)
Batting: LHB Karim Brown 0-0: Called Strike
0-1: Ball
1-1: Ball
2-1: Ball
3-1: Base on Balls
Batting: RHB Derick Murphy 0-0: Ball
1-0: Ball
2-0: Swinging Strike
2-1: Called Strike
2-2: Ball
3-2: Base on Balls
Isaac Vogel to third
Karim Brown to second
Pitching: RHP Jakob Bialecki
Batting: RHB Asante Paula 0-0: Ball
1-0: Called Strike
1-1: Swinging Strike
1-2: Foul Ball, location: 2F
1-2: Fly out, F4 (Popup, 4, EV 56.9 MPH)
Batting: RHB Dillon Brady 0-0: Called Strike
0-1: Swinging Strike
0-2: Ball
1-2: Ball
2-2: Foul Ball, location: 2F
2-2: Ball
3-2: Ground out 4-3 (Groundball, 4, EV 103.8 MPH)
Bottom of the 7th over - 0 runs, 1 hit, 0 errors, 3 left on base; Kinston 1 - Rockville 7
TOP OF THE 8TH
Kinston Indians batting - Pitching for Rockville Redhawks : RHP Brantley McGinnis
Batting: RHB Dave Christal 0-0: Ground out 5-3 (Groundball, 56S, EV 69.4 MPH)
Batting: SHB Keith Parham 0-0: Ground out 5-3 (Groundball, 5, EV 89.4 MPH)
Batting: LHB Conner Escobedo 0-0: Ball
1-0: Ball
2-0: Ball
3-0: Reached on error, E4 (Groundball, 4, EV 105.6 MPH)
Batting: RHB Dennell Manvelov 0-0: Called Strike
0-1: SINGLE (Flyball, 34D, EV 89.4 MPH)
Conner Escobedo to second
Batting: RHB Evan Ochs 0-0: Swinging Strike
0-1: Ball
1-1: Foul Ball, location: 2F
1-2: DOUBLE (Line Drive, 7LS, EV 99.4 MPH)
Conner Escobedo scores
Dennell Manvelov to third
Batting: RHB Mathew Kandoro 0-0: Swinging Strike
0-1: Foul Ball, location: 2F
0-2: Foul Ball, location: 2F
0-2: Foul Ball, location: 2F
0-2: Foul Ball, location: 2F
0-2: Ball
1-2: Ball
2-2: Fly out, F4 (Popup, 4M, EV 59.4 MPH)
Top of the 8th over - 1 run, 2 hits, 1 error, 2 left on base; Kinston 2 - Rockville 7
BOTTOM OF THE 8TH
Rockville Redhawks batting - Pitching for Kinston Indians : RHP Jakob Bialecki
Batting: RHB Lou Williams 0-0: TRIPLE (Line Drive, 89XD, EV 110.0 MPH)
Batting: RHB Brian Heard 0-0: Called Strike
0-1: Ball
1-1: Foul Ball, location: 2F
1-2: Ball
2-2: SINGLE (Line Drive, 78S, EV 103.8 MPH)
Lou Williams scores
Pitching: LHP Carlisle Kaouch
Batting: RHB Aric Alderson 0-0: Ball
1-0: Ball
2-0: Called Strike
2-1: Swinging Strike
2-2: Foul Ball, location: 2F
2-2: Ball
3-2: Foul Ball, location: 2F
3-2: Base on Balls
Brian Heard to second
Batting: RHB Isaac Vogel 0-0: Ball
1-0: SINGLE (Groundball, 4MD, EV 107.5 MPH)
Brian Heard to third
Aric Alderson to second
Runner from 3rd tries for Home, SAFE, throw by CF to home
Batting: SHB Cole Riley 0-0: Ball
1-0: Ball
2-0: Ball
3-0: Base on Balls
Aric Alderson to third
Isaac Vogel to second
Batting: LHB Karim Brown 0-0: Grounds into double play, 6-4-3 (Groundball, 6, EV 90.6 MPH)
Aric Alderson scores
Isaac Vogel to third
Batting: RHB Derick Murphy 0-0: Ball
1-0: Ball
2-0: Ball
3-0: Called Strike
3-1: Base on Balls
Pitching: RHP Sage Warner
Batting: RHB Asante Paula 0-0: Called Strike
0-1: Swinging Strike
0-2: Ball
1-2: Ball
2-2: Foul Ball, location: 2F
2-2: Strikes out swinging
Bottom of the 8th over - 3 runs, 3 hits, 0 errors, 2 left on base; Kinston 2 - Rockville 10
TOP OF THE 9TH
Kinston Indians batting - Pitching for Rockville Redhawks : RHP Brantley McGinnis
Batting: RHB Zachary LaFerriere 0-0: Ball
1-0: Ball
2-0: Called Strike
2-1: Ball
3-1: Swinging Strike
3-2: Fly out, F7 (Flyball, 7LS, EV 80.0 MPH)
Batting: LHB Jaleen Kenny 0-0: Ball
1-0: Ball
2-0: Called Strike
2-1: Ground out U3 (Groundball, 34S, EV 83.8 MPH)
Batting: RHB Drew Yewell 0-0: Called Strike
0-1: Fly out, F7 (Flyball, 7D, EV 103.8 MPH)
Top of the 9th over - 0 runs, 0 hits, 0 errors, 0 left on base; Kinston 2 - Rockville 10
Thursday, March 7th , 2024 - OOTP Baseball 23.10 Build 110